AoeStats
← [Massa] Edo

Coastal Forest

510464496Analyzed
2v2 RM · 1d ago on Oct 1, 2026· 34m 56s· 4 players
Game mode
Random Map
Map size
Medium (4 player)
Population
200
Speed
Normal
Resources
Standard
Victory
Conquest
Starting age
Dark Age
Ending age
Imperial Age
RankedLock teamsTeams togetherTeam positionsShared explorationLock speedFull tech treeHidden civsTurbo modeCheats
Victory
Defeat
🇺🇸 Varangians · United States
1430
+16
🇺🇸 Magyars · United States
1340
+19
🇧🇷 Saxons · Brazil
1423
-18
🇧🇷 Celts · Brazil
1417
-17
La_Yuzai
6:16 Loom
9:24 Feudal Age
14:18 Fletching
17:03 Padded Archer Armor
19:50 Wheelbarrow
25:34 Castle Age
24:29 Fishing Lines
25:13 Double-Bit Axe
25:50 Crossbowman
26:26 Bodkin Arrow
26:45 Bow Saw
27:49 Bloodlines
28:57 Husbandry
30:58 Ballistics
30:38 Gold Mining
30:40 Town Watch
34:23 Stone Mining
LuoSi_Fen
7:45 Loom
10:05 Feudal Age
15:02 Scale Barding Armor
18:34 Wheelbarrow
20:45 Double-Bit Axe
23:21 Town Watch
28:04 Castle Age
28:54 Husbandry
29:06 Bloodlines
29:26 Gold Mining
29:29 Stone Mining
31:20 Chain Barding Armor
33:03 Hand Cart
[Massa] Edo
8:25 Feudal Age
8:24 Loom
9:04 Double-Bit Axe
12:10 Horse Collar
15:46 Forging
16:33 Scale Barding Armor
19:58 Wheelbarrow
23:52 Castle Age
22:13 Gold Mining
25:10 Chain Barding Armor
25:25 Husbandry
26:59 Town Watch
28:56 Iron Casting
32:59 Bow Saw
32:51 Heavy Plow
35:13 Ballistics
tg
6:12 Loom
8:20 Feudal Age
11:04 Fletching
15:57 Double-Bit Axe
18:14 Padded Archer Armor
28:11 Castle Age
27:09 Horse Collar
27:24 Gold Mining
28:58 Bodkin Arrow
29:19 Leather Archer Armor
31:23 Ballistics
Connection lost

Rejoining the realm…

Still unreachable

The connection could not be restored.

Session expired

The server has moved on; the page needs a fresh start.